 Dungeon Crawl Stone Soup version 0.29-b1-12-g9e2288ab2a (webtiles) character file.

Game seed: 12048581097697833912

30 slphil the Stinger (level 3, 0/31 HPs)
             Began as a Naga Venom Mage on Aug 24, 2022.
             Slain by a gnoll
             ... wielding a +0 club
              (6 damage)
             ... on level 2 of the Dungeon.
             The game lasted 00:02:00 (1178 turns).

slphil the Stinger (Naga Venom Mage)                Turns: 1178, Time: 00:02:00

Health: 0/31       AC:  2    Str: 10    XL:     3   Next: 20%
Magic:  2/6        EV:  9    Int: 17    God:
Gold:   15         SH:  0    Dex: 11    Spells: 5/6 levels left

rFire   . . .      SeeInvis +   c - +0 dagger
rCold   . . .      Faith    .   (no shield)
rNeg    . . .      Spirit   .   a - +0 robe
rPois   +          Reflect  .   (no helmet)
rElec   .          Harm     .   (no cloak)
rCorr   .          Rampage  .   (no gloves)
Will    .....      Rage     3%  (no barding)
Stlth   ++........              (no amulet)
HPRegen 0.10/turn               (no ring)
MPRegen 0.10/turn               (no ring)

@: very slow
A: AC +1, large, see invisible, deformed body, poison resistance, slowness 2,
spit poison 1, naga tail 1, berserk 1
a: Spit Poison


You were on level 2 of the Dungeon.
You visited 1 branch of the dungeon, and saw 2 of its levels.

You collected 15 gold pieces.

Inventory:

Hand Weapons
 c - a +0 dagger (weapon)
Armour
 a - a +0 robe (worn)
Scrolls
 f - a scroll of identify {unknown}
 g - a scroll of teleportation {unknown}
 h - a scroll of enchant weapon {unknown}
Potions
 b - a potion of magic
 d - a potion of flight {unknown}
 e - a potion of mutation


   Skills:
 + Level 1.0 Fighting
 - Level 1.5 Dodging
 - Level 3.0 Stealth
 + Level 2.3 Spellcasting
 + Level 1.5 Transmutations
 * Level 4.7 Poison Magic


You had 5 spell levels left.
You knew the following spells:

 Your Spells              Type           Power      Damage    Failure   Level
a - Sting                 Tmut/Pois      48%        1d5       5%          1

Your spell library contained the following spells:

 Spells                   Type           Power      Damage    Failure   Level
 Poisonous Vapours        Pois/Air       20%        N/A       11%         2
 Spider Form              Tmut/Pois      12%        N/A       16%         3
 Olgreb's Toxic Radiance  Pois           18%        N/A       26%         4
 Blink                    Tloc           2%         N/A       28%         2
 Ensorcelled Hibernation  Hex/Ice        2%         N/A       28%         2
 Mephitic Cloud           Conj/Pois/Air  7%         N/A       30%         3
 Lesser Beckoning         Tloc           1%         N/A       50%         3
 Anguish                  Hex/Necr       0%         N/A       88%         4
 Manifold Assault         Tloc           1%         N/A       99%         5


Dungeon Overview and Level Annotations

Branches:
Dungeon (2/15)

Altars:


Innate Abilities, Weirdness & Mutations

Your serpentine skin is tough. (AC +1)
You have supernaturally acute eyesight. (SInv)
Armour fits poorly on your strangely shaped body.
Your system is resistant to poisons. (rPois)
You cover ground very slowly.
You can spit poison.
You have a snake-like lower body.
You sometimes lose your temper in combat.


Message History

You see here a frilled lizard corpse.
There is a shaft here.
A gnoll comes into view. It is wielding a +0 club.
A gnoll comes into view. It is wielding a +3 flail.
The gnoll shouts! x2
A gnoll comes into view. It is wielding a +0 club.
The gnoll shouts!
Okay, then.
The sting hits the gnoll.
The gnoll is poisoned.
The gnoll is lightly wounded.
A gnoll comes into view. It is wielding a +0 vorpal spear.
The sting hits the gnoll.
The gnoll looks even sicker.
The gnoll is moderately wounded.
The sting hits the gnoll but does no damage.
The gnoll looks even sicker.
The gnoll is heavily wounded.
The gnoll hits you with a +0 club. The gnoll hits you with a +0 club.
The gnoll hits you with a +0 club. The gnoll hits you with a +0 club.
* * * LOW HITPOINT WARNING * * *
You barely miss the gnoll. You punch the gnoll.
You kill the gnoll!
Your Fighting skill increases to level 1!
You have reached level 3!
Your experience leads to an increase in your attributes!
Increase (S)trength, (I)ntelligence, or (D)exterity?
You feel clever. x2; Your skin feels tougher.
You are too injured to fight recklessly!
It was a potion of mutation.
You feel extremely strange.
You feel a little pissed off. The gnoll closely misses you.
You hit the gnoll.
The gnoll is moderately wounded.
The gnoll hits you with a +0 club.
* * * LOW HITPOINT WARNING * * *
You hit the gnoll.
The gnoll is heavily wounded.
The gnoll hits you with a +0 club.
You die...

#.# #.......#
#.# #.......#
#.# #.......#
#.# ##.......#
#g# ........#
#g#
#.......###g#
######......#@#
#..........^..#
######.#.##.###
#..#.##.#
######.##.##.#
###..†...##.##.#
#......####.##.#
#......# ..##.#
..<....# ####.#


You could see 3 gnolls.

Vanquished Creatures
  A gnoll (D:2)
  5 endoplasms (D:1)
  3 goblins (D:1)
  A hobgoblin (D:1)
  4 ball pythons (D:1)
  A bat (D:1)
  A frilled lizard (D:2)
  4 rats (D:1)
20 creatures vanquished.

Notes
Turn   | Place    | Note
-------+----------+-------------------------------------------
     0 | D:1      | slphil the Naga Venom Mage began the quest for the Orb.
     0 | D:1      | Reached XP level 1. HP: 15/15 MP: 3/3
   294 | D:1      | Reached XP level 2. HP: 21/24 MP: 0/5
  1176 | D:2      | Reached skill level 1 in Fighting
  1176 | D:2      | Reached XP level 3. HP: 9/31 MP: 2/6
  1176 | D:2      | Gained mutation: You sometimes lose your temper in combat.
                  | [potion of mutation]
  1178 | D:2      | Slain by a gnoll

Illustrated notes

Levels and vault maps discovered:
D:1:      dpeg_arrival_rooms_c, layout_loops_ring
D:2:      layout_basic, hellmonk_ecumenical_altar_prayer_group

Skill      XL: |  1  2 |
---------------+-------+-----
Fighting       | 1 |  1.0
Dodging        | |  1.5
Stealth        | |  3.0
Spellcasting   | |  2.3
Transmutations | |  1.5
Poison Magic   | |  4.7

Action                   || total
-------------------------++-------
Melee: Dagger            ||    13
       Punch             ||     1
 Cast: Sting             ||    37
  Use: Potion            ||     1
Armor: Robe              ||     1
Dodge: Dodged            ||    10
